 Dungeon Crawl Stone Soup version 0.31-a0-1576-ga3383bade6 (webtiles) character file.

Game seed: 11211763232375984113

4 Ch0rma the Slasher (level 1, 0/18 HPs)
             Began as a Hill Orc Reaver on Jan 5, 2024.
             Slain by a rat (2 damage)
             ... on level 1 of the Dungeon.
             The game lasted 00:02:48 (127 turns).

Ch0rma the Slasher (Hill Orc Reaver)                 Turns: 127, Time: 00:02:49

Health: 0/18       AC:  4    Str: 14    XL:     1   Next: 60%
Magic:  3/3        EV: 11    Int: 13    God:
Gold:   0          SH:  0    Dex:  9    Spells: 2/3 levels left

rFire   . . .        a - +0 falchion
rCold   . . .        (no shield)
rNeg    . . .        b - +1 leather armour
rPois   .            (no helmet)
rElec   .            (no cloak)
rCorr   .            (no gloves)
SInv    .            (no boots)
Will    .....        (no amulet)
Stlth   +            (no ring)
HPRegen 0.23/turn    (no ring)
MPRegen 0.08/turn

%: no passive effects
@: no status effects
A: no striking features
a: no special abilities


You were on level 1 of the Dungeon.
You visited 1 branch of the dungeon, and saw 1 of its levels.

Inventory:

Hand Weapons
 a - a +0 falchion (weapon)
Armour
 b - a +1 leather armour (worn)
Potions
 c - a potion of resistance {unknown}


   Skills:
 + Level 2.6 Fighting
 + Level 3.2 Long Blades
 + Level 1.6 Dodging
 + Level 1.6 Spellcasting
 + Level 3.1 Conjurations


You had 2 spell levels left.
You knew the following spells:

 Your Spells              Type           Power      Damage    Failure   Level
a - Kiss of Death         Conj/Necr      20%        2d7       19%         1

Your spell library contained the following spells:

 Spells                   Type           Power      Damage    Failure   Level
 Momentum Strike          Conj/Tloc      10%        3d8       26%         2
 Hailstorm                Conj/Ice       5%         3d5       47%         3


Dungeon Overview and Level Annotations

Branches:
Dungeon (1/15)

Altars:


Message History

The frilled lizard is heavily wounded.
The frilled lizard bites you but does no damage.
You closely miss the frilled lizard.
The frilled lizard is heavily wounded.
The frilled lizard barely misses you. The frilled lizard misses you.
You hit the frilled lizard.
You kill the frilled lizard!
You see here a frilled lizard corpse.
HP restored.
Sorry, I don't know how to get there.
A quokka comes into view.
Sorry, you're not good enough to have a special ability.
Okay, then.
You closely miss the quokka. The quokka bites you.
You barely miss the quokka. The quokka bites you. The quokka barely misses you.
You hit the quokka but do no damage. The quokka closely misses you.
You barely miss the quokka.
The quokka bites you but does no damage.
The rat barely misses you.
You closely miss the quokka. The quokka bites you.
The rat bites you but does no damage.
You barely miss the quokka. The quokka closely misses you. x2
The rat barely misses you.
You barely miss the quokka.
The quokka bites you but does no damage.
The rat closely misses you.
You hit the quokka but do no damage. The quokka bites you.
The rat closely misses you. The quokka bites you.
You barely miss the quokka. The rat closely misses you. The quokka misses you.
You hit the rat.
The rat is severely wounded.
The rat bites you. The quokka bites you.
* * * LOW HITPOINT WARNING * * *
The quokka closely misses you. The rat bites you.
* * * LOW HITPOINT WARNING * * *
The quokka closely misses you.
The quokka twitches its whiskers.
The quokka barely misses you. The rat attacks as it pursues you!
The rat bites you.
You die...

#. #. .##. ... # #..
.# #.#..######.#
#.#..#..r@..#
###.......r...# .
#####.....#####.##
#.
##...#.....#...#....
..# #.
##.⌠.#.....#.⌠.#####
#.# #.
##...#.....#...##
#.# ###.
######.....######
#.###.#.
.#...............#
####.##....
.................#
##..........


You could see a quokka and a rat.

Vanquished Creatures
  An endoplasm (D:1)
  A bat (D:1)
  A frilled lizard (D:1)
  A goblin (D:1)
  A rat (D:1)
5 creatures vanquished.

Notes
Turn   | Place    | Note
-------+----------+-------------------------------------------
     0 | D:1      | Ch0rma the Hill Orc Reaver began the quest for the Orb.
     0 | D:1      | Reached XP level 1. HP: 18/18 MP: 3/3
   127 | D:1      | Slain by a rat

Illustrated notes

Levels and vault maps discovered:
D:1:      minmay_arrival_glassed_features, layout_loops_ring

Action                     || total
---------------------------++-------
  Melee: Falchion          ||    37
    Use: Scroll            ||     1
 Armour: Leather armour    ||    28
  Dodge: Dodged            ||    38

Table legend: (Time is in decaauts)
 A = Elapsed time spent in this place.
 B = Non-inter-level travel time spent in this place.
 C = Inter-level travel time spent in this place.
 D = Time resting spent in this place.
 E = Time spent auto-exploring this place.
 F = Levels seen in this place.
 G = Mean time per level.
                   A        B        C        D        E       F      G
               +--------+--------+--------+--------+--------+-----+--------+
         Total |    132 |     85 |     47 |      0 |      0 |   1 |  132.0 |
       Dungeon |    132 |     85 |     47 |      0 |      0 |   1 |  132.0 |
               +--------+--------+--------+--------+--------+-----+--------+

Top non-repeatable levels by time:
     D:1: 132 daAuts
